 Dungeon Sprint DCSS version 0.30.1-11-g7821555f0a (webtiles) character file.

Game seed: 16588541852175257474

602 booth the Cleaver (level 7, -1/70 HPs)
             Began as a Minotaur Fighter on Nov 29, 2023.
             Was an Initiate of Makhleb.
             Killed from afar by Sonja (13 damage)
             ... with an iceblast
             ... in the Dungeon (Sprint I: "Red Sonja").
             The game lasted 00:03:33 (476 turns).

booth the Cleaver (Minotaur Fighter)                 Turns: 476, Time: 00:03:33

Health: -1/70      AC:  8    Str: 21    XL:     7   Next: 18%
Magic:  6/6        EV: 11    Int:  5    God:    Makhleb [......]
Gold:   311        SH:  6    Dex: 11    Spells: 6/6 levels left

rFire   . . .        a - +0 war axe
rCold   + . .        c - +0 buckler
rNeg    . . .        l - +1 ring mail {rC+}
rPois   .            (helmet restricted)
rElec   .            (no cloak)
rCorr   .            (no gloves)
SInv    .            (no boots)
Will    .....        (no amulet)
Stlth   +            (no ring)
HPRegen 0.31/turn    (no ring)
MPRegen 0.10/turn

%: no teleportation
@: lethally poisoned (-1 -> -13), slowed, very slow
A: horns 2, retaliatory headbutt
a: Renounce Religion


You were in the Dungeon.
You worshipped Makhleb.
Makhleb was noncommittal.
You visited 1 branch You collected 311 gold pieces.

Inventory:

Hand Weapons
 a - a +0 war axe (weapon)
Armour
 c - a +0 buckler (worn)
 l - a +1 ring mail of cold resistance (worn)
Wands
 k - a wand of charming (4)
Scrolls
 j - a scroll of blinking
Potions
 d - a potion of might
 e - a potion of curing
 g - a potion of haste
 h - 2 potions of magic
 i - a potion of berserk rage


   Skills:
 + Level 9.2 Fighting
 * Level 11.6 Axes
 + Level 9.8 Armour
 + Level 2.1 Dodging
 + Level 8.3 Shields


You had 6 spell levels left.
You didn't know any spells.
Your spell library was empty.

Dungeon Overview and Level Annotations

Branches:
Dungeon (1/1)

Altars:
Cheibriados
Dithmenos
Elyvilon
Fedhas
Gozag
Hepliaklqana
Kikubaaqudgha
Makhleb
Nemelex Xobeh
Okawaru
Qazlal
Ru
Sif Muna
Trog
Uskayaw
Vehumet
Wu Jian
Xom
Yredelemnul
Zin
The Shining One
Jiyva
Lugonu

Shops:
D !

Annotations:
D Sonja


Innate Abilities, Weirdness & Mutations

You have a pair of horns on your head.
You reflexively headbutt those who attack you in melee.


Message History

Sonja blinks!
You feel extremely sick.
Sonja zaps a wand.
The mass of ice explodes!
The iceblast engulfs you. You partially resist.
Sonja throws a curare-tipped dart.
The curare-tipped dart hits you.
You are more poisoned.
You have difficulty breathing.
You feel as though you will be slow longer.
You feel extremely sick. Sonja hits you but does no damage.
You are lethally poisoned!
Sonja hits you with a +1 dagger of venom.
* * * LOW HITPOINT WARNING * * *
You are more poisoned.
You block Sonja's attack.
Sonja hits you with a +1 dagger of venom.
* * * LOW HITPOINT WARNING * * *
You are more poisoned.
Sonja hits you but does no damage.
You are more poisoned.
Sonja hits you with a +1 dagger of venom.
* * * LOW HITPOINT WARNING * * *
You feel better. You block Sonja's attack. Sonja closely misses you.
Sonja hits you but does no damage.
You are poisoned.
You block Sonja's attack. Sonja barely misses you. x2
You miss Sonja.
You feel very sick.
Sonja gestures wildly while chanting.
Sonja blinks!
Sonja throws a curare-tipped dart.
The curare-tipped dart hits you.
You are more poisoned.
You have difficulty breathing.
* * * LOW HITPOINT WARNING * * *
You feel as though you will be slow longer.
* * * LOW HITPOINT WARNING * * *
You feel very sick.
Sonja zaps a wand.
The mass of ice explodes!
The iceblast engulfs you! You partially resist.
You die...

###################
#<.#..)..#..'..#__#
#..'..#..)..#..'..+
#.[#####'#####'#__#
#..####..#...#.####
#..#__####..##(#
#..#_____##§#_.+
#⌠⌠#_.∩..K'@.._#
####_..__##_.#+#
#_____###'# #######
#.# $.$ #$.$# ##.##
#+#


You could see Sonja.

Vanquished Creatures
  A slime creature (D)
  Sigmund (D)
  A yak (D)
  An ogre (D)
  A jelly (D)
  Ijyb (D)
6 creatures vanquished.

Notes
Turn   | Place    | Note
-------+----------+-------------------------------------------
     0 | D        | booth the Minotaur Fighter began the quest for the Orb.
     0 | D        | Reached XP level 1. HP: 19/19 MP: 0/0
     2 | D        | Noticed Ijyb
    30 | D        | Killed Ijyb
    31 | D        | Reached skill level 4 in Axes
    31 | D        | Reached skill level 5 in Armour
    31 | D        | Reached XP level 2. HP: 14/28 MP: 1/1
   105 | D        | Noticed an ogre
   110 | D        | Killed an ogre
   111 | D        | Reached skill level 6 in Axes
   111 | D        | Reached XP level 3. HP: 21/37 MP: 2/2
   111 | D        | Reached XP level 4. HP: 25/44 MP: 3/3
   192 | D        | Noticed Sigmund
   200 | D        | Killed Sigmund
   201 | D        | Reached skill level 8 in Axes
   201 | D        | Reached skill level 1 in Dodging
   201 | D        | Reached XP level 5. HP: 42/52 MP: 4/4
   249 | D        | Found a burning altar of Makhleb.
   249 | D        | Found a viscous altar of Jiyva.
   249 | D        | Found a shimmering altar of Xom.
   249 | D        | Found a corrupted altar of Lugonu.
   249 | D        | Noticed a slime creature
   261 | D        | Killed a slime creature
   262 | D        | Reached skill level 10 in Axes
   262 | D        | Reached XP level 6. HP: 46/62 MP: 5/5
   320 | D        | Became a worshipper of Makhleb the Destroyer
   324 | D        | Found an ornate altar of the Wu Jian Council.
   324 | D        | Found a shimmering blue altar of Sif Muna.
   326 | D        | Found a radiant altar of Vehumet.
   352 | D        | Found Ezeof's Distillery.
   352 | D        | Found an ancient bone altar of Kikubaaqudgha.
   352 | D        | Found a hazy altar of Hepliaklqana.
   352 | D        | Found a stormy altar of Qazlal.
   352 | D        | Found a hide-covered altar of Uskayaw.
   352 | D        | Found a blossoming altar of Fedhas.
   352 | D        | Found a bloodstained altar of Trog.
   352 | D        | Found an iron altar of Okawaru.
   352 | D        | Found a basalt altar of Yredelemnul.
   352 | D        | Found a glowing golden altar of the Shining One.
   352 | D        | Found a snail-covered altar of Cheibriados.
   352 | D        | Found a sacrificial altar of Ru.
   352 | D        | Found a glowing silver altar of Zin.
   352 | D        | Found a shadowy altar of Dithmenos.
   352 | D        | Found a white marble altar of Elyvilon.
   352 | D        | Noticed a yak
   361 | D        | Killed a yak
   362 | D        | Reached skill level 11 in Axes
   362 | D        | Reached XP level 7. HP: 39/70 MP: 6/6
   362 | D        | Found an opulent altar of Gozag.
   363 | D        | Found a sparkling altar of Nemelex Xobeh.
   467 | D        | Noticed Sonja
   476 | D        | Killed from afar by Sonja

Illustrated notes

Levels and vault maps discovered:
D:        dungeon_sprint_1 [red_sonja_temple_1, red_sonja_temple_small_1]

Skill      XL: |  1  2  3  4  5  6 |
---------------+-------------------+-----
Fighting       | 4 6 7 8 9 |  9.2
Axes           | 4 6 8 10 11 | 11.6
Armour         | 5 6 8 9 |  9.8
Shields        | 4 6 7 8 |  8.3
Dodging        | 1 2 |  2.1

Action                     |  1- 3 |  4- 6 |  7- 9 || total
---------------------------+-------+-------+-------++-------
  Melee: War axe           |    25 |    26 |     2 ||    53
         Headbutt          |     2 |     9 |       ||    11
    Use: Potion            |       |     1 |     1 ||     2
 Armour: Scale mail        |     6 |       |       ||     6
         Ring mail         |       |     3 |     5 ||     8
  Dodge: Dodged            |     7 |     7 |     7 ||    21
  Block: Buckler           |     5 |     2 |     4 ||    11
